 Dungeon Crawl Stone Soup version 0.24.0-125-gc4c63601f3 (webtiles) character file.

Game seed: 4659889920851181200, levelgen mode: deterministic

130 Pumpowlkin the Digger (level 5, -1/28 HPs)
             Began as a Gargoyle Earth Elementalist on Mar 16, 2020.
             Was a Follower of Sif Muna.
             Killed from afar by an orc wizard (5 damage)
             ... with a magic dart
             ... on level 3 of the Dungeon.
             The game lasted 00:18:38 (3260 turns).

Pumpowlkin the Digger (Gargoyle Earth Elementalist) Turns: 3260, Time: 00:18:38

Health: -1/28      AC:  9    Str: 12    XL:     5   Next: 14%
Magic:  9/9        EV: 11    Int: 16    God:    Sif Muna [*.....]
Gold:   146        SH:  3    Dex: 10    Spells: 7/10 levels left

rFire    . . .     SeeInvis .   h - +0 dagger
rCold    . . .     Gourm    .   C - +0 buckler
rNeg     + . .     Faith    .   c - +0 robe
rPois    ∞         Spirit   .   l - +0 helmet
rElec    +         Reflect  .   n - +0 cloak
rCorr    .         Harm     .   (no gloves)
MR       .....                  u - +0 pair of boots
Stlth    ++........             (no amulet)
HPRegen  0.09/turn              (no ring)
MPRegen  0.11/turn              (no ring)

@: no status effects
A: negative energy resistance 1, electricity resistance, unbreathing,
petrification resistance, rot immunity, AC +4
a: Channel Magic, Renounce Religion


You were on level 3 of the Dungeon.
You worshipped Sif Muna.
Sif Muna was aware of your devotion.
You were hungry.

You visited 1 branch of the dungeon, and saw 4 of its levels.
You also visited: Sewer.

You collected 146 gold pieces.

Inventory:

Hand Weapons
 h - a +0 dagger (weapon)
Missiles
 y - 20 stones (quivered)
Armour
 c - a +0 robe (worn)
 e - a +0 ring mail
 k - a +2 shield
 l - a +0 helmet (worn)
 n - a +0 cloak (worn)
 s - a +0 chain mail
 u - a +0 pair of boots (worn)
 v - a +0 leather armour
 C - a +0 buckler (worn)
Scrolls
 a - a scroll of remove curse {unknown}
 b - a scroll of fog {unknown}
 i - 3 scrolls of magic mapping {unknown}
 j - 2 scrolls of teleportation
 m - a scroll of enchant weapon {unknown}
 p - a scroll of noise {unknown}
 q - a scroll of identify {unknown}
 w - a scroll of fear {unknown}
 x - a scroll of blinking {unknown}
Potions
 f - a potion of ambrosia {unknown}
 g - a potion of haste {unknown}
 o - a potion of magic {unknown}
 r - 2 potions of heal wounds {unknown}
 t - a potion of agility {unknown}
 z - 3 potions of flight {unknown}
 A - a potion of might {unknown}
Comestibles
 d - 6 rations
 B - 8 chunks of flesh


   Skills:
 + Level 0.4 Short Blades
 + Level 1.2 Throwing
 + Level 1.8 Dodging
 + Level 2.6 Stealth
 + Level 3.0 Spellcasting
 + Level 0.7 Transmutations
 + Level 5.2 Earth Magic


You had 7 spell levels left.
You knew the following spells:

 Your Spells              Type           Power        Failure   Level  Hunger
a - Sandblast             Erth           ###...       3%          1    #......
b - Passwall              Tmut/Erth      ##......     14%         2    ##.....

Your spell library contained the following spells:

 Spells                   Type           Power        Failure   Level  Hunger
 Stone Arrow              Conj/Erth      ##....       32%         3    ###....
 Petrify                  Tmut/Erth      ##......     67%         4    #####..
 Lee's Rapid Deconstruct  Erth           ###.......   69%         5    ######.


Dungeon Overview and Level Annotations

Branches:
Dungeon (4/15)             Temple (0/1) D:4           Sewer (visited)

Altars:
Cheibriados
Sif Muna
Wu Jian


Innate Abilities, Weirdness & Mutations

You are resistant to torment.
Your stone body is resilient. (AC +4)
You are immune to poison.
You resist negative energy. (rN+)
You are resistant to electric shocks. (rElec)
You can survive without breathing.
You are immune to petrification.
You are immune to rotting.


Message History

Something barely misses you.
Found a ration.
Something hits you.
You hear some strange, mumbled words.
A puff of frost appears from out of thin air!
The puff of frost hits you.
* * * LOW HITPOINT WARNING * * *
Casting: Sandblast (safe; 3% risk of failure)
Confirm with . or Enter, or press ? or * to list all spells.
You can't see any susceptible monsters within range! (Use Z to cast anyway.) Throwing (i - inventory)
y - 20 stones (quivered)
Press: ? - help, Shift-Dir - straight line, f - you
Okay, then.
You hear some strange, mumbled words.
A magic dart appears from out of thin air!
The magic dart hits you.
* * * LOW HITPOINT WARNING * * *
A magic dart appears from out of thin air!
The magic dart hits you.
You die...

.####.# #.#.#####..# ......# #..
#..# .####.# #.# #..# .# # #.#
#..# .# #.##.#######..# <#
#.%........%÷.# .#
#########.########.# .#
..........###......# .#
#######.#.@.......#####
#######.........##.###..#########
........######## #.# #...........
#######........# #.# #.#####.####
#######.######.# #.# #.# #.# #
........# #.# #.# #.# #.# #
######### #.# #.# #.# #.#### #.#
#.###.####.#..##
#.###.........##....


There were no monsters in sight!

Vanquished Creatures
  4 adders
  An ooze (D:3)
  2 adder skeletons (D:4)
  2 worms
  2 dart slugs (D:1)
  A leopard gecko (D:3)
  8 orcs (D:3)
  A ball python (Sewer)
  5 giant cockroaches
  7 goblins
  5 hobgoblins
  A quokka (D:3)
  3 bats (D:1)
  11 frilled lizards
  8 kobolds
  5 rats
66 creatures vanquished.

Notes
Turn   | Place    | Note
-------+----------+-------------------------------------------
     0 | D:1      | Pumpowlkin the Gargoyle Earth Elementalist began the quest
                  | for the Orb.
     0 | D:1      | Reached XP level 1. HP: 10/10 MP: 3/3
   190 | D:1      | Reached skill level 4 in Earth Magic
   252 | D:1      | Reached XP level 2. HP: 14/15 MP: 5/5
   821 | D:2      | Found a snail-covered altar of Cheibriados.
   965 | D:2      | Reached XP level 3. HP: 19/19 MP: 4/6
  1316 | D:2      | Reached XP level 4. HP: 24/24 MP: 5/8
  1599 | D:2      | Found a shimmering blue altar of Sif Muna.
  1610 | D:2      | Became a worshipper of Sif Muna the Loreminder
  1793 | D:3      | Found a glowing drain.
  1803 | D:3      | Reached skill level 1 in Throwing
  1893 | Sewer    | Entered a sewer
  2177 | D:3      | Reached skill level 5 in Earth Magic
  2436 | D:3      | Reached * piety under Sif Muna
  2486 | D:3      | Reached XP level 5. HP: 28/28 MP: 9/9
  2532 | D:3      | Noticed an ice beast
  2708 | D:4      | Found a staircase to the Ecumenical Temple.
  2734 | D:4      | Found an ornate altar of the Wu Jian Council.
  3180 | D:3      | Learned a level 2 spell: Passwall
  3260 | D:3      | Killed from afar by an orc wizard

Levels and vault maps discovered:
D:1:      dpeg_arrival_rooms_b, layout_loops_ring
D:2:      layout_loops_cross, cheibriados_altar_1,
          lemuel_coloured_pillars_altar, first_ration, minmay_misc_feat_x
D:3:      minmay_angry_zag, layout_loops_ring, cheibrodos_sewer_entry_drain
D:4:      layout_loops_cross, lemuel_crystal_altar, minmay_temple_entry_tees,
          serial_shops, kennysheep_mini

Skill      XL: |  1  2  3  4 |
---------------+-------------+-----
Earth Magic    | 4 5 |  5.2
Throwing       | 1 |  1.2
Spellcasting   | 3 |  3.0
Short Blades   | |  0.4
Dodging        | |  1.8
Stealth        | |  2.6
Transmutations | |  0.7

Action                   |  1- 3 |  4- 6 || total
-------------------------+-------+-------++-------
Melee: Unarmed           |     5 |       ||     5
       Dagger            |    14 |   122 ||   136
Throw: Stone             |    43 |    20 ||    63
 Cast: Sandblast         |    36 |    30 ||    66
  Use: Scroll            |       |     1 ||     1
 Stab: Sleeping          |       |     1 ||     1
  Eat: Chunk             |     2 |     2 ||     4
       Ration            |       |     1 ||     1
Armor: Robe              |    14 |    66 ||    80
Dodge: Dodged            |    24 |    86 ||   110
Block: Buckler           |       |     4 ||     4
